 Seeded DCSS version 0.31-a0-358-gac0dbeb3ab (webtiles) character file.

Game seed: 13532415758814214178 (custom seed)

3053 innerfire43 the Spear-Bearer (level 9, -2/57 (59) HPs)
             Began as a Demonspawn Shapeshifter on July 25, 2023.
             Was a Priest of Cheibriados.
             Slain by a wight
             ... wielding a +1 spear of venom
              (3 damage)
             ... on level 8 of the Dungeon.
             The game lasted 00:10:02 (7078 turns).

innerfire43 the Spear-Bearer (DsSh)                 Turns: 7078, Time: 00:10:02

HP:   -2/57 (59)    AC:  6    Str: 27    XL:     9   Next: 57%
MP:   9/9           EV: 11    Int: 15    God:    Cheibriados [***...]
Gold: 384           SH:  6    Dex: 19    Spells: 8/8 levels left

rFire   + + +        o - +5 trident "Spiderbane" {protect, rF+}
rCold   + . .        (no shield)
rNeg    . . .        x - +1 ring mail {rF+}
rPois   +            (helmet currently unavailable)
rElec   +            (cloak currently unavailable)
rCorr   +            (gloves currently unavailable)
SInv    .            (boots currently unavailable)
Will    .....        (no amulet)
Stlth   +            (no ring)
HPRegen 0.29/turn    (no ring)
MPRegen 0.11/turn

%: no passive effects
@: brilliant, lethally poisoned (-2 -> -4), beast-form, resistant, lightly
drained, invisible, very slow
A: beast (slay +5), hooves 1, large bone plates 2, foul stench 2
a: Begin Untransformation, Renounce Religion, Bend Time, Temporal Distortion


You were on level 8 of the Dungeon.
You worshipped Cheibriados.
Cheibriados was most pleased with you.
You were a hulking beast.
You visited 2 branches of the dungeon, and saw 9 of its levels.

You collected 571 gold pieces.
You spent 187 gold pieces at shops.

Inventory:

Hand Weapons
 f - a +1 short sword of draining
 o - the +5 trident "Spiderbane" (weapon) {protect, rF+}
   (You bought it in a shop on level 3 of the Dungeon)

   rF:        It protects you from fire.
 z - the +4 whip "Giant's Toothpick" {heavy, Str+3}
   (You found it on level 6 of the Dungeon)

   Str:       It affects your strength (+3).
Missiles
 C - a throwing net
Armour
 a - a +0 animal skin
 x - a +1 ring mail of fire resistance (worn)
Jewellery
 r - a ring of wizardry
Talismans
 c - a beast talisman
 e - a blade talisman
Wands
 u - a wand of light (23)
 w - a wand of polymorph (7)
 A - a wand of flame (15)
 E - a wand of iceblast (4)
Scrolls
 d - a scroll of fog {unknown}
 h - 6 scrolls of identify {unknown}
 l - 2 scrolls of poison {unknown}
 m - a scroll of enchant armour {unknown}
 s - a scroll of noise {unknown}
 t - a scroll of amnesia {unknown}
 v - a scroll of summoning {unknown}
 y - a scroll of revelation {unknown}
 B - a scroll of acquirement {unknown}
 D - a scroll of immolation {unknown}
Potions
 b - a potion of lignification
 g - 2 potions of resistance
 i - a potion of curing {unknown}
 j - a potion of enlightenment {unknown}
 k - 2 potions of might {unknown}
 n - a potion of mutation {unknown}
 q - 3 potions of brilliance


   Skills:
 - Level 1.0 Fighting
 * Level 8.6 Polearms
 - Level 1.7 Dodging
 - Level 3.0 Unarmed Combat
 * Level 7.8 Shapeshifting


You had 8 spell levels left.
You didn't know any spells.
Your spell library contained the following spells:

 Spells                   Type           Power      Damage    Failure   Level
 Blink                    Tloc           0%         N/A       52%         2
 Ensorcelled Hibernation  Hex/Ice        0%         N/A       52%         2
 Lesser Beckoning         Tloc           0%         N/A       52%         2
 Momentum Strike          Conj/Tloc      0%         3d8       52%         2
 Scorch                   Fire           0%         2d5       52%         2
 Anguish                  Hex/Necr       0%         N/A       99%         4
 Flame Wave               Conj/Fire      0%         2d4       99%         4
 Manifold Assault         Tloc           0%         N/A       99%         4
 Summon Cactus Giant      Summ           0%         N/A       100%        6


Dungeon Overview and Level Annotations

Branches:
Dungeon (8/15)             Temple (1/1) D:4
   Lair: D:8-11

Altars:
Ashenzari
Cheibriados
Fedhas
Gozag
Hepliaklqana
Kikubaaqudgha
Makhleb
Nemelex Xobeh
Okawaru
Qazlal
Sif Muna
Trog
Vehumet
Wu Jian
Xom
Yredelemnul

Shops:
D:3 (

Annotations:
D:3 2 transporters


Innate Abilities, Weirdness & Mutations

You are a hulking beast.
Your limbs bulge with bestial killing power. (Slay +5)
You have large cloven feet.
You are mostly covered in large bone plates. (SH +6)
You sometimes emit foul miasma when damaged in melee.


Message History

You hear an angry hiss.
A warg comes into view.
A wight comes into view. It is wielding a +2 scimitar.
A steam dragon comes into view.
You puncture the gnoll bouda!
Your weapon exudes an aura of protection.
You kill the gnoll bouda!
Cheibriados appreciates the change of pace.
You impale the wight!!
You destroy the wight!
Cheibriados appreciates the change of pace.
A gnoll comes into view. It is wielding a +0 spear.
A wight comes into view. It is wielding a +3 great sword.
The wight hits you with a +1 spear of venom!
* * * LOW HITPOINT WARNING * * *
You feel drained.
* * * LOW HITPOINT WARNING * * *
You are poisoned.
Things that are here:
a +2 scimitar; a +0 robe It was a potion of resistance.
You feel protected.
You feel sick. The steam dragon bites you.
* * * LOW HITPOINT WARNING * * *
The steam dragon claws you.
* * * LOW HITPOINT WARNING * * *
The wight hits you with a +1 spear of venom.
* * * LOW HITPOINT WARNING * * *
You emit a cloud of foul miasma!
It was a potion of brilliance.
You feel clever all of a sudden.
You feel sick. The steam dragon bites you.
* * * LOW HITPOINT WARNING * * *
The steam dragon completely misses you. The wight barely misses you.
It was a potion of invisibility.
You fade into invisibility!
* * * LOW HITPOINT WARNING * * *
You feel sick.
The wight hits you with a +1 spear of venom.
You die...

....<.####### ....
.##...#.....# #.. #
......#.....#####.. .#
<.##.............>.#######'##
#.##.##.....### #.#.........#
#.##.##.....# #.#........#
#.##.##.....# #.#........#
#.##.##.....#####D#z...).))#
#.##..+.....'...hzg..........h
#(#####.....#####.#...........
####### #......####...
#.#....# .. ...#....# .
....#....# ....#....#
.....#.....


You could see a steam dragon (unable to see you), 2 wights and a gnoll (unable
to see you).

Vanquished Creatures
  Sigmund (D:5)
  2 steam dragons
  A warg (D:8)
  Duvessa (D:4)
  3 water moccasins
  2 ice beasts
  An orc warrior (D:6)
  A black bear (D:5)
  A sky beast (D:7)
  An ogre (D:7)
  A phantom (D:4)
  4 scorpions
  A gnoll sergeant (D:6)
  A wight (D:8)
  Dowan (D:4)
  2 howler monkeys
  4 electric eels (D:7)
  A hound (D:5)
  2 jellies
  A gnoll bouda (D:8)
  5 orc priests
  2 sleepcaps (D:4)
  5 iguanas
  7 orc wizards
  6 adders
  7 gnolls
  A river rat (D:5)
  A shadow imp (D:6)
  A white imp (D:5)
  3 worms
  2 dart slugs
  17 orcs
  5 ball pythons
  4 endoplasms
  4 giant cockroaches
  5 goblins
  4 hobgoblins
  2 jackals (D:5)
  7 kobolds
  2 quokkas (D:3)
  9 bats
  3 frilled lizards
  5 rats
  2 butterflies (D:5)
141 creatures vanquished.

Vanquished Creatures (others)
  An orc priest (D:8)
1 creature vanquished.

Grand Total: 142 creatures vanquished

Notes
Turn   | Place    | Note
-------+----------+-------------------------------------------
     0 | D:1      | innerfire43 the Demonspawn Shapeshifter began the quest for
                  | the Orb.
     0 | D:1      | Reached XP level 1. HP: 15/15 MP: 1/1
   257 | D:1      | Gained mutation: You are partially covered in large bone
                  | plates. (SH +4) [demonic ancestry]
   257 | D:1      | Reached XP level 2. HP: 19/21 MP: 2/2
   300 | D:1      | Reached skill level 1 in Polearms
   758 | D:2      | Gained mutation: You have large cloven feet. [demonic
                  | ancestry]
   758 | D:2      | Reached XP level 3. HP: 26/26 MP: 3/3
  1396 | D:3      | Found a transporter.
  1402 | D:3      | Found a transporter.
  1492 | D:3      | Found Heteeque's Antique Weapon Boutique.
  1497 | D:3      | Bought a pitted trident for 187 gold pieces
  1497 | D:3      | Identified the +5 trident "Spiderbane" {protect, rF+} (You
                  | bought it in a shop on level 3 of the Dungeon)
  1819 | D:3      | Reached skill level 2 in Polearms
  1957 | D:3      | Gained mutation: You may rarely emit foul miasma when
                  | damaged in melee. [demonic ancestry]
  1957 | D:3      | Reached XP level 4. HP: 32/32 MP: 4/4
  2372 | D:4      | Noticed Dowan
  2373 | D:4      | Noticed Duvessa
  2380 | D:4      | Killed Duvessa
  2381 | D:4      | Reached skill level 3 in Polearms
  2381 | D:4      | Reached XP level 5. HP: 22/37 MP: 5/5
  2383 | D:4      | Killed Dowan
  2521 | D:4      | Reached XP level 6. HP: 35/43 MP: 6/6
  2770 | D:4      | Reached skill level 4 in Polearms
  2806 | D:4      | Found a staircase to the Ecumenical Temple.
  2941 | Temple   | Entered the Ecumenical Temple
  2969 | Temple   | Became a worshipper of Cheibriados the Contemplative
  3275 | D:5      | Entered Level 5 of the Dungeon
  3326 | D:5      | Found an ancient bone altar of Kikubaaqudgha.
  3345 | D:5      | Reached XP level 7. HP: 32/48 MP: 7/7
  3469 | D:5      | Noticed Sigmund
  3477 | D:5      | Killed Sigmund
  3478 | D:5      | Reached skill level 5 in Polearms
  3478 | D:5      | Reached skill level 5 in Shapeshifting
  3587 | D:5      | Gained mutation: You are mostly covered in large bone
                  | plates. (SH +6) [demonic ancestry]
  3587 | D:5      | Reached XP level 8. HP: 28/54 MP: 8/8
  3673 | D:5      | Reached skill level 6 in Polearms
  3756 | D:5      | Found a glowing drain.
  3762 | D:5      | Reached * piety under Cheibriados
  4032 | D:5      | Found a shimmering altar of Xom.
  4415 | D:6      | Identified the +4 whip "Giant's Toothpick" {heavy, Str+3}
  4526 | D:6      | Reached skill level 7 in Polearms
  4733 | D:6      | Reached ** piety under Cheibriados
  5522 | D:7      | Gained mutation: You sometimes emit foul miasma when
                  | damaged in melee. [demonic ancestry]
  5522 | D:7      | Reached XP level 9. HP: 52/59 MP: 9/9
  6296 | D:7      | Reached skill level 8 in Polearms
  6706 | D:7      | Reached *** piety under Cheibriados
  7077 | D:8      | HP: 1/57 [steam dragon (3)]
  7078 | D:8      | Slain by a wight

Illustrated notes

Levels and vault maps discovered:
D:1:      scummos_arrival_simple_crosswalls, layout_rooms
D:2:      layout_basic
D:3:      gammafunk_steamed_eel, layout_loops_corners, serial_shops, shop,
          minmay_gold_behind_fungi, dk_noncrumbling_3
D:4:      layout_loops_ring, minmay_temple_entry_butterflies, uniq_duvessa
D:5:      layout_loops_ring, xom_butterflies, mainiacjoe_overflow_24_doors,
          portal_sewer_entry_b, minmay_statues_item, uniq_sigmund
D:6:      layout_gridville
D:7:      layout_layer_cave, serial_bayou_lake_a
D:8:      layout_basic, mainiacjoe_overflow_paths, erik_lair_orcish_takeover
Temple:   bh_familiar_temple

Skill      XL: |  1  2  3  4  5  6  7  8  9 |
---------------+----------------------------+-----
Polearms       | 1 2 3 4 5 7 8 |  8.6
Shapeshifting  | 3 4 5 6 7 |  7.8
Unarmed Combat | 3 |  3.0
Fighting       | |  1.0
Dodging        | |  1.7

Action                     |  1- 3 |  4- 6 |  7- 9 || total
---------------------------+-------+-------+-------++-------
  Melee: Unarmed           |    30 |       |       ||    30
         Short sword       |    67 |       |       ||    67
         Trident           |    41 |    59 |   199 ||   299
         Kick              |    15 |    16 |    37 ||    68
         Punch             |     2 |     2 |     2 ||     6
  Evoke: Wand              |       |       |     8 ||     8
    Use: Potion            |     1 |       |     5 ||     6
   Stab: Sleeping          |     2 |       |       ||     2
 Armour: Animal skin       |    31 |     8 |    20 ||    59
         Ring mail         |       |       |    43 ||    43
  Dodge: Dodged            |    68 |     9 |    91 ||   168
  Block: Other             |    13 |     2 |    41 ||    56

Table legend: (Time is in decaauts)
 A = Elapsed time spent in this place.
 B = Non-inter-level travel time spent in this place.
 C = Inter-level travel time spent in this place.
 D = Time resting spent in this place.
 E = Time spent auto-exploring this place.
 F = Levels seen in this place.
 G = Mean time per level.
                   A        B        C        D        E       F      G
               +--------+--------+--------+--------+--------+-----+--------+
         Total |   8290 |   7667 |    623 |      0 |   6487 |   9 |  921.1 |
       Dungeon |   8229 |   7659 |    570 |      0 |   6487 |   8 | 1028.6 |
        Temple |     60 |      8 |     52 |      0 |      0 |   1 |   60.0 |
               +--------+--------+--------+--------+--------+-----+--------+

Top non-repeatable levels by time:
     D:7: 2155 daAuts
     D:6: 1492 daAuts
     D:5: 1194 daAuts
     D:3: 1082 daAuts
     D:4: 993 daAuts
     D:2: 680 daAuts
     D:1: 549 daAuts
     D:8: 82 daAuts
  Temple: 60 daAuts
